 Dungeon Crawl Stone Soup version 0.27.0-1-g7a089689b8 (webtiles) character file.

Game seed: 13503338093463257370

428 Anothat the Shield-Bearer (level 6, 0/53 HPs)
             Began as a Gnoll Fighter on Aug 1, 2021.
             Slain by a kobold brigand (6 damage)
             ... on level 6 of the Dungeon.
             The game lasted 00:06:53 (3319 turns).

Anothat the Shield-Bearer (Gnoll Fighter)           Turns: 3319, Time: 00:06:54

Health: 0/53       AC:  9    Str: 17    XL:     6   Next: 98%
Magic:  9/9        EV:  8    Int:  8    God:
Gold:   130        SH: 10    Dex: 11    Spells: 9/9 levels left

rFire    . . .     SeeInvis .   a - +0 war axe
rCold    . . .     Faith    .   c - +0 kite shield
rNeg     . . .     Spirit   .   b - +0 scale mail
rPois    .         Reflect  .   (no helmet)
rElec    .         Harm     .   (no cloak)
rCorr    .         Rampage  .   (no gloves)
Will     .....                  n - +0 pair of boots
Stlth    ..........             (no amulet)
HPRegen  0.17/turn              (no ring)
MPRegen  0.11/turn              (no ring)

@: hasted, very quick
A: fangs 1, strong nose, distributed training
a: no special abilities


You were on level 6 of the Dungeon.
You visited 1 branch of the dungeon, and saw 6 of its levels.

You collected 130 gold pieces.

Inventory:

Hand Weapons
 a - a +0 war axe (weapon)
Armour
 b - a +0 scale mail (worn)
 c - a +0 kite shield (worn)
 n - a +0 pair of boots (worn)
Scrolls
 f - 7 scrolls of identify {unknown}
 g - 2 scrolls of immolation {unknown}
 i - 2 scrolls of enchant weapon {unknown}
 j - a scroll of fear {unknown}
 k - a scroll of teleportation {unknown}
 o - a scroll of magic mapping {unknown}
Potions
 e - a potion of heal wounds {unknown}
 h - a potion of ambrosia {unknown}
 l - a potion of haste
 p - a potion of degeneration {unknown}


   Skills:
 + Level 6.9 Fighting
 + Level 2.2 Short Blades
 + Level 2.2 Long Blades
 + Level 5.1 Axes
 + Level 2.2 Maces & Flails
 + Level 2.2 Polearms
 + Level 2.2 Staves
 + Level 2.2 Slings
 + Level 2.2 Bows
 + Level 2.2 Crossbows
 + Level 2.2 Throwing
 + Level 6.9 Armour
 + Level 2.2 Dodging
 + Level 2.2 Stealth
 + Level 6.9 Shields
 + Level 2.2 Unarmed Combat
 + Level 2.2 Spellcasting
 + Level 1.7 Conjurations
 + Level 1.7 Hexes
 + Level 1.7 Summonings
 + Level 1.7 Necromancy
 + Level 1.7 Translocations
 + Level 1.7 Transmutations
 + Level 1.7 Fire Magic
 + Level 1.7 Ice Magic
 + Level 1.7 Air Magic
 + Level 1.7 Earth Magic
 + Level 1.7 Poison Magic
 + Level 2.4 Invocations
 + Level 2.2 Evocations


You had 9 spell levels left.
You didn't know any spells.
Your spell library contained the following spells:

 Spells                   Type           Power      Damage    Failure   Level
 Animate Skeleton         Necr           6%         N/A       82%         1
 Magic Dart               Conj           12%        1d3       82%         1
 Pain                     Necr           12%        1d4       82%         1
 Call Imp                 Summ           3%         N/A       91%         2
 Gell's Gravitas          Tloc           1%         N/A       99%         3
 Mephitic Cloud           Conj/Pois/Air  3%         N/A       99%         3
 Teleport Other           Tloc           3%         N/A       99%         3
 Vampiric Draining        Necr           1%         2d6       99%         3
 Animate Dead             Necr           1%         N/A       100%        4
 Borgnjor's Vile Clutch   Necr/Erth      1%         N/A       100%        5
 Death Channel            Necr           1%         N/A       100%        6
 Dispersal                Tloc           1%         N/A       100%        6


Dungeon Overview and Level Annotations

Branches:
Dungeon (6/15)             Temple (0/1) D:6

Altars:
Yredelemnul
The Shining One

Shops:
D:1 =   D:2 *

Annotations:
D:4 4 runed translucent doors
D:5 Dowan, Duvessa


Innate Abilities, Weirdness & Mutations

You have very sharp teeth.
Your uncanny sense of smell can sniff out nearby items.
Your experience applies equally to all skills.


Message History

The kobold brigand barely misses you.
It was a potion of curing.
You feel better. You block the kobold brigand's attack.
You feel better. You block the kobold brigand's attack.
Your shield prevents you from hitting the kobold brigand.
The kobold brigand is moderately wounded.
A kobold comes into view. It is wielding a +0 short sword.
The kobold brigand barely misses you.
You hit the kobold brigand but do no damage.
The kobold brigand is moderately wounded.
The kobold brigand completely misses you.
You closely miss the kobold brigand.
The kobold brigand is moderately wounded.
The kobold brigand hits you with a +0 short sword.
* * * LOW HITPOINT WARNING * * *
You barely miss the kobold brigand. Your bite misses the kobold brigand.
The kobold brigand is moderately wounded.
You closely miss the kobold brigand.
The kobold brigand is moderately wounded.
You block the kobold brigand's attack.
You hit the kobold brigand but do no damage.
You bite the kobold brigand.
The kobold brigand is moderately wounded.
You block the kobold brigand's attack.
You completely miss the kobold brigand.
The kobold brigand is moderately wounded.
The kobold brigand hits you with a +0 short sword.
* * * LOW HITPOINT WARNING * * *
You hit the kobold brigand but do no damage.
You bite the kobold brigand, but do no damage.
The kobold brigand is moderately wounded.
The kobold brigand barely misses you.
The kobold brigand hits you with a +0 short sword.
* * * LOW HITPOINT WARNING * * *
You slash the kobold brigand!
The kobold brigand is severely wounded.
You closely miss the kobold brigand. You bite the kobold brigand.
The kobold brigand is severely wounded.
The kobold brigand hits you with a +0 short sword.
You die...

## #.# . #.###.#
...###.....#
...K....##.# #
.>..⌠.Z<##.#####.#
...K...###...K...#
...#### ####K####
.⌠ #K# . #@# #.#
#.# #.# #.# #.#
#.# #.#


You could see a kobold brigand and 2 kobolds.

Vanquished Creatures
  A black bear (D:4)
  An ogre (D:5)
  A bullfrog skeleton (D:6)
  A hound (D:5)
  A centaur zombie (D:5)
  4 gnolls (D:2)
  6 adders
  A worm (D:2)
  A dart slug (D:1)
  4 orcs (D:3)
  3 endoplasms
  3 giant cockroaches
  5 goblins (D:1)
  9 hobgoblins
  6 jackals
  A quokka (D:2)
  11 ball pythons
  3 bats
  4 frilled lizards
  7 kobolds
  8 rats
81 creatures vanquished.

Vanquished Creatures (others)
  A plant (D:3)
1 creature vanquished.

Grand Total: 82 creatures vanquished

Notes
Turn   | Place    | Note
-------+----------+-------------------------------------------
     0 | D:1      | Anothat the Gnoll Fighter began the quest for the Orb.
     0 | D:1      | Reached XP level 1. HP: 23/23 MP: 1/1
    95 | D:1      | Reached XP level 2. HP: 29/29 MP: 2/2
   278 | D:1      | Found Leequalu's Jewellery Shop.
   294 | D:1      | Reached XP level 3. HP: 24/35 MP: 3/3
   842 | D:2      | Found Turo Walila's General Store.
   860 | D:2      | Reached skill level 1 in Invocations
  1202 | D:2      | Reached skill level 1 in Short Blades
  1202 | D:2      | Reached skill level 1 in Long Blades
  1202 | D:2      | Reached skill level 1 in Maces & Flails
  1202 | D:2      | Reached skill level 1 in Polearms
  1202 | D:2      | Reached skill level 1 in Staves
  1202 | D:2      | Reached skill level 1 in Slings
  1202 | D:2      | Reached skill level 1 in Bows
  1202 | D:2      | Reached skill level 1 in Crossbows
  1202 | D:2      | Reached skill level 1 in Throwing
  1202 | D:2      | Reached skill level 1 in Dodging
  1202 | D:2      | Reached skill level 1 in Stealth
  1202 | D:2      | Reached skill level 1 in Unarmed Combat
  1202 | D:2      | Reached skill level 1 in Spellcasting
  1202 | D:2      | Reached skill level 1 in Evocations
  1229 | D:2      | Reached XP level 4. HP: 19/41 MP: 5/5
  1244 | D:2      | Reached skill level 1 in Conjurations
  1244 | D:2      | Reached skill level 1 in Hexes
  1244 | D:2      | Reached skill level 1 in Summonings
  1244 | D:2      | Reached skill level 1 in Necromancy
  1244 | D:2      | Reached skill level 1 in Translocations
  1244 | D:2      | Reached skill level 1 in Transmutations
  1244 | D:2      | Reached skill level 1 in Fire Magic
  1244 | D:2      | Reached skill level 1 in Ice Magic
  1244 | D:2      | Reached skill level 1 in Air Magic
  1244 | D:2      | Reached skill level 1 in Earth Magic
  1244 | D:2      | Reached skill level 1 in Poison Magic
  1916 | D:3      | Reached XP level 5. HP: 47/47 MP: 6/6
  2097 | D:3      | Found a basalt altar of Yredelemnul.
  2404 | D:3      | Found a glowing golden altar of the Shining One.
  2739 | D:4      | Noticed a black bear
  2819 | D:4      | Killed a black bear
  2820 | D:4      | Reached XP level 6. HP: 50/53 MP: 8/8
  2834 | D:4      | Noticed a sky beast
  2835 | D:4      | Found a large runed translucent door.
  2836 | D:4      | Found a large runed translucent door.
  2837 | D:4      | Found a large runed translucent door.
  2837 | D:4      | Found a large runed translucent door.
  3017 | D:5      | Entered Level 5 of the Dungeon
  3043 | D:5      | Reached skill level 5 in Axes
  3232 | D:5      | Noticed a black bear
  3232 | D:5      | Noticed Duvessa
  3252 | D:5      | Noticed Dowan
  3283 | D:6      | Found a staircase to the Ecumenical Temple.
  3319 | D:6      | Slain by a kobold brigand

Illustrated notes

Levels and vault maps discovered:
D:1:      minmay_arrival_plants_in_alcoves, layout_basic, serial_shops,
          nicolae_shop_crystal, minmay_octomino_c4
D:2:      layout_basic, serial_shops, shop_fountains, minivault_26,
          kennysheep_generic_room_11
D:3:      layout_basic, nicolae_tso_carved_into_rock, lemuel_round_altar,
          serial_bayou_ford_a
D:4:      layout_gridville, nicolae_ru_the_path_less_chosen,
          minmay_hollow_rounded_squares
D:5:      layout_rooms, zin_statuary, minitemple, gup_sewer_entry_bubbles,
          serial_shops, shop, kennysheep_dice, uniq_duvessa
D:6:      layout_loops_ring, minmay_temple_entry_junction,
          gammafunk_ghost_smash, grunt_ministairs_10, uniq_sigmund

Skill      XL: |  1  2  3  4  5  6 |
---------------+-------------------+-----
Invocations    | 1 2 |  2.4
Short Blades   | 1 2 |  2.2
Long Blades    | 1 2 |  2.2
Maces & Flails | 1 2 |  2.2
Polearms       | 1 2 |  2.2
Staves         | 1 2 |  2.2
Slings         | 1 2 |  2.2
Bows           | 1 2 |  2.2
Crossbows      | 1 2 |  2.2
Throwing       | 1 2 |  2.2
Dodging        | 1 2 |  2.2
Stealth        | 1 2 |  2.2
Unarmed Combat | 1 2 |  2.2
Spellcasting   | 1 2 |  2.2
Evocations     | 1 2 |  2.2
Conjurations   | 1 |  1.7
Hexes          | 1 |  1.7
Summonings     | 1 |  1.7
Necromancy     | 1 |  1.7
Translocations | 1 |  1.7
Transmutations | 1 |  1.7
Fire Magic     | 1 |  1.7
Ice Magic      | 1 |  1.7
Air Magic      | 1 |  1.7
Earth Magic    | 1 |  1.7
Poison Magic   | 1 |  1.7
Axes           | 5 |  5.1
Fighting       | |  6.9
Armour         | |  6.9
Shields        | |  6.9

Action                   |  1- 3 |  4- 6 || total
-------------------------+-------+-------++-------
Melee: War axe           |   118 |   152 ||   270
       Bite              |     9 |    15 ||    24
  Use: Potion            |       |     5 ||     5
Armor: Scale mail        |    45 |    70 ||   115
Dodge: Dodged            |    33 |    68 ||   101
Block: Kite shield       |    62 |    90 ||   152
